AoeStats
← Carple

Golden Pit

503647653Analyzed
1v1 RM · 1mo ago on Sep 1, 2026· 34m 18s· 2 players
Game mode
Random Map
Map size
Tiny (2 player)
Population
200
Speed
Normal
Resources
Standard
Victory
Conquest
Starting age
Dark Age
Ending age
Imperial Age
RankedLock teamsTeams togetherTeam positionsShared explorationLock speedFull tech treeHidden civsTurbo modeCheats
Victory
Defeat
🇨🇦 Japanese · Canada
1199
+18
🇨🇳 Wei · China
1246
-18
Carple
4:48 Loom
10:57 Feudal Age
13:07 Double-Bit Axe
15:42 Horse Collar
18:24 Castle Age
16:18 Stone Mining
16:59 Forging
17:19 Gold Mining
17:41 Scale Mail Armor
18:19 Fletching
18:18 Arson
19:46 Squires
20:20 Gambesons
27:29 Iron Casting
27:54 Wheelbarrow
27:51 Town Watch
32:10 Bow Saw
34:53 Chain Mail Armor
灵性猫猫
7:29 Loom
9:36 Feudal Age
12:08 Double-Bit Axe
15:32 Wheelbarrow
18:41 Castle Age
17:27 Horse Collar
17:40 Gold Mining
17:47 Stone Mining
18:15 Fletching
20:00 Bow Saw
19:53 Heavy Plow
20:03 Town Watch
20:59 Gold Shaft Mining
29:33 Imperial Age
27:21 Hand Cart
27:43 Stone Shaft Mining
27:55 Bodkin Arrow
30:41 Imperial Age
28:34 Murder Holes
34:28 Bracer
Connection lost

Rejoining the realm…

Still unreachable

The connection could not be restored.

Session expired

The server has moved on; the page needs a fresh start.